 Dungeon Crawl Stone Soup version 0.20.0-15-g7f486f2 (webtiles) character file.

393 Chiseanne the Ducker (level 6, -23/47 HPs)
             Began as a Demonspawn Wanderer on June 10, 2017.
             Annihilated by an ogre
             ... wielding a +0 giant spiked club
              (25 damage)
             ... on level 3 of the Dungeon.
             The game lasted 00:09:50 (4729 turns).

Chiseanne the Ducker (Demonspawn Wanderer)          Turns: 4729, Time: 00:09:51

Health: -23/47     AC: 10    Str: 11    XL:     6   Next: 51%
Magic:  7/7        EV: 12    Int: 16    God:
Gold:   138        SH:  0    Dex: 13    Spells: 7/7 levels left

rFire    + . .     SeeInvis .   a - +3 hand axe
rCold    . . .     Gourm    .   (no shield)
rNeg     . . .     Faith    .   y - +0 ring mail
rPois    .         Spirit   .   p - +0 helmet
rElec    .         Reflect  .   (no cloak)
rCorr    .         Harm     .   (no gloves)
MR       .....                  (no boots)
Stlth    +.........             (no amulet)
Regen    0.2/turn               (no ring)
MPRegen  0.1/turn               (no ring)

@: no status effects
A: iridescent scales 2, fire resistance 1
a: no special abilities


You were on level 3 of the Dungeon.
You were very hungry.

You visited 1 branch of the dungeon, and saw 4 of its levels.

You collected 138 gold pieces.

Inventory:

Hand Weapons
 a - a +3 hand axe (weapon)
 q - a +0 mace
Missiles
 d - 8 tomahawks
 h - 139 stones
 i - 38 bolts
 k - 8 arrows
 n - a throwing net (quivered)
 s - 9 javelins
 x - 20 poisoned needles
Armour
 p - a +0 helmet (worn)
 u - a +0 shield
 y - a +0 ring mail (worn)
Wands
 l - a wand of random effects (2/48)
Scrolls
 g - 2 scrolls of immolation
 o - 2 scrolls of teleportation
 w - a scroll of amnesia
Potions
 b - a potion of lignification {unknown}
 e - a potion of magic {unknown}
 r - a potion of ambrosia {unknown}
 t - 3 potions of heal wounds {unknown}
Comestibles
 c - 4 meat rations
 f - 3 bread rations
 m - 2 fruits


   Skills:
 * Level 3.6 Fighting
 * Level 1.5(2.0) Axes
   Level 1.7(2.1) Polearms
 - Level 1.0 Throwing
 * Level 2.3 Armour
 * Level 4.1 Dodging
 - Level 1.0 Stealth
 - Level 1.0 Shields
 - Level 1.0 Spellcasting
   Level 1.1 Necromancy
   Level 1.0 Transmutations


You had 7 spell levels left.
You didn't know any spells.

Dungeon Overview and Level Annotations

Branches:
Dungeon (4/15)
 Temple: D:4-7

Altars:


Innate Abilities, Weirdness & Mutations

You are mostly covered in iridescent scales. (AC +4)
Your flesh is heat resistant. (rF+)


Message History

The ogre seems to speed up.
This wand has 3 charges left.
Evoke which item? (* to show all) (? for menu, Esc to quit)
Aiming: Random Effects
Press: ? - help, Shift-Dir - straight line, f/p - ogre
Aim: an ogre, wielding a giant spiked club (fast)
The ogre flickers and vanishes!
Deactivating autopickup; reactivate with Ctrl-A.
This wand has 2 charges left.
Something barely misses you. Something hits you!
Something completely misses you.
There is a stone staircase leading up here.
Something hits you!
You climb upwards.
There is a stone staircase leading down here.
Okay, then.
Something hits you!!
* * * LOW HITPOINT WARNING * * *
Something hits you!!
Ouch! That really hurt!
You die...

#... #... #...
#...
###############...
#>................
#.########........
#.########........
#@#......#........
#.#......#........
#).......+........
#.#......#.......#
#.#....^.#.......#
#.#......#########
#.#......# #
#.#......# #
#.#......#########


There were no monsters in sight!

Vanquished Creatures
  2 scorpions
  An orc priest (D:3)
  A hound (D:4)
  2 orc wizards (D:3)
  An iguana (D:4)
  A worker ant (D:4)
  A hound skeleton (D:4)
  Robin (D:3)
  An adder (D:3)
  2 worms (D:2)
  3 dart slugs
  2 leopard geckos
  6 orcs
  3 ball pythons
  14 bats
  2 giant cockroaches
  10 goblins
  7 hobgoblins
  4 jackals (D:1)
  2 quokkas
  6 frilled lizards
  4 kobolds
  8 rats
84 creatures vanquished.

Notes
Turn   | Place    | Note
-------+----------+-------------------------------------------
     0 | D:1      | Chiseanne the Demonspawn Wanderer began the quest for the Orb.
     0 | D:1      | Chiseanne set off with: a +2 dagger, a scroll of blinking, the Collected Works on Malediction, the Tome of Sinister Rituals, a +0 robe, a bread ration
     0 | D:1      | Reached XP level 1. HP: 13/13 MP: 2/2
     1 | D:1      | Identified the Collected Works on Malediction
     1 | D:1      | Identified the Tome of Sinister Rituals
    68 | D:1      | Reached skill level 2 in Dodging
   125 | D:1      | Reached skill level 1 in Fighting
   157 | D:1      | Gained mutation: You are partially covered in iridescent scales. (AC +2) [demonic ancestry]
   157 | D:1      | Reached XP level 2. HP: 18/21 MP: 3/3
   813 | D:1      | Reached XP level 3. HP: 24/26 MP: 4/4
  1918 | D:2      | Reached skill level 3 in Dodging
  2070 | D:2      | Reached XP level 4. HP: 25/34 MP: 5/5
  2301 | D:3      | Reached skill level 1 in Armour
  2733 | D:3      | Gained mutation: Your flesh is heat resistant. (rF+) [demonic ancestry]
  2733 | D:3      | Reached XP level 5. HP: 38/40 MP: 6/6
  2828 | D:3      | Noticed Robin
  2841 | D:3      | Killed Robin
  3992 | D:3      | Reached skill level 1 in Axes
  4139 | D:4      | Gained mutation: You are mostly covered in iridescent scales. (AC +4) [demonic ancestry]
  4139 | D:4      | Reached XP level 6. HP: 11/47 MP: 7/7
  4456 | D:4      | Reached skill level 4 in Dodging
  4727 | D:3      | HP: 2/47 [something (18)]
  4729 | D:3      | Annihilated by an ogre

Skill      XL: |  1  2  3  4  5  6 |
---------------+-------------------+-----
Dodging        | 2 3 4 |  4.1
Fighting       | 1 2 3 |  3.6
Armour         | 1 2 |  2.3
Axes           | 1 |  1.5
Polearms       | |  1.7
Throwing       | |  1.0
Stealth        | |  1.0
Shields        | |  1.0
Spellcasting   | |  1.0
Necromancy     | |  1.1
Transmutations | |  1.0

Action                   |  1- 3 |  4- 6 || total
-------------------------+-------+-------++-------
Melee: Dagger            |   193 |    38 ||   231
       Hand axe          |       |    77 ||    77
Throw: Throwing net      |     1 |       ||     1
Evoke: Wand              |       |    30 ||    30
  Use: Scroll            |     8 |     2 ||    10
       Potion            |     3 |     1 ||     4
 Stab: Sleeping          |     5 |       ||     5
       Held in net/web   |     1 |       ||     1
       Paralysed         |       |     6 ||     6
  Eat: Chunk             |     4 |     5 ||     9
       Fruit             |       |     2 ||     2
Armor: Robe              |    84 |       ||    84
       Leather armour    |     1 |    27 ||    28
       Ring mail         |       |    20 ||    20
Dodge: Dodged            |   183 |    71 ||   254
